 Dungeon Crawl Stone Soup version 0.18.1-48-g4cf74bf (webtiles) character file.

8624 Heedrag the Cleaver (level 11, -5/99 HPs)
             Began as a Minotaur Fighter on Aug 13, 2016.
             Was a High Priest of Okawaru.
             Slain by a blink frog (14 damage)
             ... on level 2 of the Lair of Beasts.
             The game lasted 00:18:38 (8128 turns).

Heedrag the Cleaver (Minotaur Fighter)              Turns: 8128, Time: 00:18:39

Health: -5/99      AC: 13    Str: 25    XL:     11   Next: 12%
Magic:  12/12      EV: 10    Int:  9    God:    Okawaru [*****.]
Gold:   435        SH:  9    Dex:  9    Spells: 0 memorised, 10 levels left

rFire  . . .     SeeInvis .     Y - +2 war axe (venom)
rCold  + . .     Gourm    .     b - +0 scale mail
rNeg   . . .     Faith    .     c - +0 shield
rPois  +         Spirit   .     (helmet restricted)
rElec  .         Dismiss  .     U - +1 cloak {rPois}
rCorr  +         Reflect  .     (no gloves)
SustAt .         Harm     .     I - +0 pair of boots
MR     .....                    A - amulet of rage
Stlth  ..........               R - ring of resist corrosion
                                S - ring "Moapemp" {rC+ Int+4 Dex+2}

@: not resistant to hostile enchantments, extremely unstealthy
A: retaliatory headbutt, horns 2, rugged brown scales 1, clumsy 1
a: Heroism, Finesse, Renounce Religion, Evoke Berserk Rage


You were on level 2 of the Lair of Beasts.
You worshipped Okawaru.
Okawaru was extremely pleased with you.
You were not hungry.

You visited 3 branches of the dungeon, and saw 11 of its levels.

You collected 525 gold pieces.
You spent 90 gold pieces at shops.

Inventory:

Hand Weapons
 a - a +0 war axe
 g - a cursed -2 glaive
 s - a +0 morningstar of draining
 t - a +0 blowgun
 u - a +3 quarterstaff of chaos
 y - a +2 flail of protection
 Q - a +2 quarterstaff of protection
 T - a +3 flail of holy wrath
 Y - a +2 war axe of venom (weapon)
Missiles
 q - 7 curare-tipped needles
Armour
 b - a +0 scale mail (worn)
 c - a +0 shield (worn)
 I - a +0 pair of boots (worn)
 U - a +1 cloak of poison resistance (worn)
 Z - the +0 cloak "Fiwisio" {rCorr Int+6, unknown}
   (Okawaru gifted it to you on level 2 of the Lair of Beasts)

   It affects your intelligence (+6).
   It protects you from acid and corrosion.
Jewellery
 v - an uncursed ring of wizardry
 A - an amulet of rage (around neck)
 R - a ring of resist corrosion (right hand)
 S - the ring "Moapemp" (left hand) {rC+ Int+4 Dex+2}
   (You found it on level 8 of the Dungeon)

   [ring of protection from cold]

   It affects your intelligence (+4).
   It affects your dexterity (+2).
   It protects you from cold.
Wands
 D - a wand of slowing (31/48)
 V - a wand of teleportation (2/9)
 X - a wand of lightning (2/15)
Scrolls
 e - 3 scrolls of immolation {unknown}
 i - 10 scrolls of identify {unknown}
 k - 3 scrolls of teleportation {unknown}
 m - 2 scrolls of fog {unknown}
 n - a scroll of random uselessness {unknown}
 r - 2 scrolls of remove curse {unknown}
 B - 3 scrolls of blinking
 C - 3 scrolls of recharging {unknown}
 E - a scroll of noise {unknown}
 F - 4 scrolls of magic mapping {unknown}
 H - 2 scrolls of enchant weapon {unknown}
 K - a scroll of torment {unknown}
Potions
 d - a potion of might
 h - 2 potions of berserk rage {unknown}
 j - 2 potions of cancellation {unknown}
 l - 3 potions of brilliance {unknown}
 o - a potion of curing
 w - 2 potions of flight {unknown}
 z - a potion of beneficial mutation {unknown}
 G - a potion of heal wounds {unknown}
 J - a potion of mutation {unknown}
 M - 3 potions of ambrosia {unknown}
 O - a potion of cure mutation {unknown}
 P - a potion of magic {unknown}
 W - a potion of agility {unknown}
Books
 L - a book of Cantrips

   Spells                             Type                      Level
   a - Corona                         Hexes                        1
   b - Animate Skeleton               Necromancy                   1
   c - Summon Small Mammal            Summoning                    1
   d - Apportation                    Translocation                1
Comestibles
 f - 6 bread rations
 p - 4 meat rations
 x - 6 chunks of flesh
 N - 10 royal jellies


   Skills:
 + Level 9.0 Fighting
 * Level 14.2 Axes
 + Level 9.1 Armour
 + Level 7.0 Dodging
 - Level 3.6 Shields
 + Level 3.3 Invocations


You had 10 spell levels left.
You didn't know any spells.

Dungeon Overview and Level Annotations

Branches:
Dungeon (8/15)             Temple (1/1) D:5            Lair (1/8) D:8

Altars:
Ashenzari
Cheibriados
Dithmenos
Elyvilon
Fedhas
Gozag
Kikubaaqudgha
Makhleb
Nemelex Xobeh
Okawaru
Pakellas
Qazlal
Ru
Sif Muna
Trog
Vehumet
Xom
Yredelemnul
Zin
The Shining One

Shops:
D:5 *


Innate Abilities, Weirdness & Mutations

You reflexively headbutt those who attack you in melee.
You have a pair of horns on your head.
You are partially covered in rugged brown scales (AC +1, +3% HP).
You are clumsy. (Dex -2)


Message History

Ye miss tha blink frog.
Tha blink frog be severely wounded.
Ye miss tha blink frog.
Tha blink frog be almost dead.
Ye kill tha blink frog!
Okawaru accepts yer kill.
Tha blink frog misses ye.
Ye slash tha blink frog!
Tha blink frog be poison'd.
Ye headbutt tha blink frog.
Ye kill tha blink frog!
Okawaru accepts yer kill.
Yer Fightin' skill increases ta level 9!
Ye closely miss tha blink frog.
Yer headbutt misses tha blink frog.
Tha blink frog be moderately wounded.
Tha blink frog hits ye but does nay damage.
Unknown command.
Ye closely miss tha blink frog.
Ye headbutt tha blink frog.
Tha blink frog be heavily wounded.
Tha blink frog hits ye!
Ye die...

##.. #... ### #P..
####..#... h...
#...#.... ....
....... ### ...#
#...####[##...##
##.@#.h.h§...#.#
#..†F#..........
.P...#..#F.........
P.....#........F....
.......#............
......##............
.....# ##...........
....# #P...........
.# ##...........


You could see a blink frog.

Vanquished Creatures
  2 hydras (Lair:1)
  Pikel (D:7)
  A cyclops (D:8)
  Joseph (D:8)
  A black mamba (Lair:2)
  A troll (D:8)
  A two-headed ogre (D:8)
  2 blink frogs (Lair:2)
  A wyvern (D:8)
  3 yaks (Lair:2)
  Eustachio (D:6)
  A hungry ghost (D:8)
  2 porcupines (Lair:1)
  2 phantoms
  2 slaves (D:7)
  An orc warrior (D:8)
  A sky beast (D:6)
  A necrophage (D:5)
  2 black bears
  8 wolves
  5 ogres
  4 crocodiles (Lair:1)
  6 giant frogs
  A scorpion (D:8)
  5 wights (D:8)
  A howler monkey (D:4)
  3 crimson imps
  A giant frog zombie (D:5)
  5 hounds
  An orc priest (D:7)
  Crazy Yiuf (D:3)
  5 jellies
  7 orc wizards
  A giant frog skeleton (D:4)
  3 iguanas
  5 worker ants
  A hound skeleton (D:5)
  6 gnolls
  13 adders
  4 shadow imps
  5 oozes
  5 worms
  5 giant geckos
  20 orcs
  2 ball pythons
  6 bats
  4 giant cockroaches
  6 goblins
  8 hobgoblins
  9 jackals
  4 quokkas
  4 giant newts
  6 kobolds
  8 rats
  A fungus (D:3)
206 creatures vanquished.

Vanquished Creatures (others)
  An orc wizard (D:8)
  A giant newt (D:7)
  A fungus (Lair:2)
3 creatures vanquished.

Grand Total: 209 creatures vanquished

Notes
Turn   | Place    | Note
--------------------------------------------------------------
     0 | D:1      | Heedrag the Minotaur Fighter began the quest for the Orb.
     0 | D:1      | Reached XP level 1. HP: 19/19 MP: 0/0
    77 | D:1      | Reached skill level 3 in Axes
    96 | D:1      | Reached XP level 2. HP: 26/26 MP: 1/1
   288 | D:1      | Reached skill level 4 in Axes
   572 | D:2      | Reached XP level 3. HP: 31/31 MP: 2/2
   861 | D:2      | Found a radiant altar of Vehumet.
   902 | D:2      | Reached skill level 5 in Axes
   947 | D:2      | Reached XP level 4. HP: 36/39 MP: 3/3
  1117 | D:2      | Found a glowing golden altar of the Shining One.
  1117 | D:2      | Found a glowing silver altar of Zin.
  1117 | D:2      | Found a white marble altar of Elyvilon.
  1626 | D:3      | Found a shattered altar of Ashenzari.
  1656 | D:3      | Reached skill level 6 in Axes
  1660 | D:3      | Reached XP level 5. HP: 24/45 MP: 4/4
  1787 | D:3      | Noticed an ogre
  1792 | D:3      | Killed an ogre
  1792 | D:3      | Reached skill level 7 in Axes
  1839 | D:3      | Reached XP level 6. HP: 36/51 MP: 5/5
  2137 | D:3      | Found a blossoming altar of Fedhas.
  2139 | D:3      | Found a burning altar of Makhleb.
  2141 | D:3      | Found a shimmering altar of Xom.
  2142 | D:3      | Found a stormy altar of Qazlal.
  2363 | D:3      | Noticed Crazy Yiuf
  2368 | D:3      | Killed Crazy Yiuf
  2368 | D:3      | Reached skill level 8 in Axes
  2449 | D:4      | Reached skill level 9 in Axes
  2666 | D:4      | Reached XP level 7. HP: 49/58 MP: 6/6
  3029 | D:4      | Reached skill level 1 in Dodging
  3514 | D:5      | Entered Level 5 of the Dungeon
  3542 | D:5      | Found a staircase to the Ecumenical Temple.
  3555 | Temple   | Entered the Ecumenical Temple
  3628 | Temple   | Became a worshipper of Warmaster Okawaru
  3780 | D:5      | Reached skill level 10 in Axes
  3909 | D:5      | Reached XP level 8. HP: 56/66 MP: 7/7
  3922 | D:5      | Reached skill level 5 in Fighting
  4028 | D:5      | Found a deep blue altar of Sif Muna.
  4034 | D:5      | Found Qug Lole's General Store.
  4175 | D:5      | Bought a scroll of blinking for 90 gold pieces
  4222 | D:6      | Reached skill level 5 in Armour
  4226 | D:6      | Gained mutation: You are partially covered in rugged brown scales (AC +1, +3% HP). [mutagenic meat]
  4228 | D:6      | Gained mutation: You are clumsy. (Dex -2) [mutagenic meat]
  4262 | D:6      | Found a bloodstained altar of Trog.
  4439 | D:6      | Noticed Eustachio
  4461 | D:6      | Killed Eustachio
  4461 | D:6      | Reached * piety under Okawaru
  5052 | D:7      | Reached skill level 11 in Axes
  5241 | D:7      | Noticed Pikel
  5267 | D:7      | Killed Pikel
  5267 | D:7      | Reached XP level 9. HP: 55/78 MP: 8/8
  5484 | D:7      | Reached ** piety under Okawaru
  5634 | D:8      | Found a sparkling altar of Nemelex Xobeh.
  6047 | D:8      | Reached skill level 12 in Axes
  6098 | D:8      | Noticed Joseph
  6116 | D:8      | Killed Joseph
  6116 | D:8      | Reached *** piety under Okawaru
  6116 | D:8      | Reached skill level 5 in Dodging
  6660 | D:8      | Found a deep blue altar of Sif Muna.
  6899 | D:8      | Noticed a troll
  6904 | D:8      | Killed a troll
  6904 | D:8      | Reached XP level 10. HP: 73/87 MP: 9/9
  6923 | D:8      | Got a slimy jade ring
  6947 | D:8      | Identified the ring "Moapemp" {rC+ Int+4 Dex+2} (You found it on level 8 of the Dungeon)
  6953 | D:8      | Noticed a cyclops
  6969 | D:8      | Killed a cyclops
  6969 | D:8      | Reached **** piety under Okawaru
  6969 | D:8      | Reached skill level 13 in Axes
  7140 | D:8      | Found a staircase to the Lair.
  7266 | Lair:1   | Entered Level 1 of the Lair of Beasts
  7418 | Lair:1   | Noticed a six-headed hydra
  7425 | Lair:1   | Killed a six-headed hydra
  7425 | Lair:1   | Reached skill level 1 in Invocations
  7863 | Lair:1   | Noticed a four-headed hydra
  7872 | Lair:1   | Killed a four-headed hydra
  7872 | Lair:1   | Reached ***** piety under Okawaru
  8031 | Lair:1   | You fall through a shaft!
  8031 | Lair:2   | Noticed a black mamba
  8048 | Lair:2   | Killed a black mamba
  8048 | Lair:2   | Received a gift from Okawaru
  8048 | Lair:2   | Reached skill level 14 in Axes
  8054 | Lair:2   | Got a heavily runed cloak {god gift}
  8065 | Lair:2   | Reached XP level 11. HP: 35/97 MP: 12/12
  8128 | Lair:2   | Slain by a blink frog

Skill      XL: |  1  2  3  4  5  6  7  8  9 10 11 |
---------------+----------------------------------+-----
Axes           | 3 4 5 6 7 9 10 11 12 14 | 14.2
Armour         | 4 6 7 8 9 |  9.1
Dodging        | 2 4 5 6 7 |  7.0
Fighting       | 4 6 7 8 9 |  9.0
Invocations    | 3 |  3.3
Shields        | |  3.6

Action                   |  1- 3 |  4- 6 |  7- 9 | 10-12 || total
-------------------------+-------+-------+-------+-------++-------
Melee: War axe           |    70 |   156 |   368 |   122 ||   716
       Headbutt          |    11 |    29 |    65 |    34 ||   139
       Morningstar       |       |       |       |    13 ||    13
  Use: Potion            |       |       |       |     2 ||     2
  Eat: Chunk             |       |     6 |    13 |     5 ||    24
       Meat ration       |       |       |     1 |       ||     1
Armor: Scale mail        |    32 |    51 |    97 |    48 ||   228
Dodge: Dodged            |    27 |    34 |    89 |    61 ||   211
Block: Shield            |    32 |    79 |   146 |    70 ||   327
